 Dungeon Crawl Stone Soup version 0.31.0 (webtiles) character file.

Game seed: 5614181077760509614

644 qw the Skirmisher (level 7, -3/44 HPs)
             Began as a Gargoyle Hunter on Jan 20, 2024.
             Was an Initiate of Okawaru.
             Slain by Pikel
             ... wielding a +2 whip of flaming
              (7 damage)
             ... on level 5 of the Dungeon.
             The game lasted 00:00:20 (3606 turns).

qw the Skirmisher (Gargoyle Hunter)                 Turns: 3606, Time: 00:00:20

Health: -3/44      AC: 10    Str: 15    XL:     7   Next: 52%
Magic:  7/7        EV: 11    Int:  9    God:    Okawaru [......]
Gold:   194        SH:  0    Dex: 15    Spells: 6/6 levels left

rFire   . . .        a - +1 shortbow
rCold   + . .        (shield currently unavailable)
rNeg    + . .        f - +0 ring mail
rPois   inf          (no helmet)
rElec   +            (no cloak)
rCorr   .            (no gloves)
SInv    .            (no boots)
Will    .....        (no amulet)
Stlth   +            g - ring of protection from cold
HPRegen 0.27/turn    (no ring)
MPRegen 0.10/turn

%: no passive effects
@: hasted, very quick
A: sickness immunity, AC +4, negative energy resistance 1, electricity
resistance, torment resistance 1, petrification resistance
a: Renounce Religion


You were on level 5 of the Dungeon.
You worshipped Okawaru.
Okawaru was noncommittal.
You visited 2 branches of the dungeon, and saw 6 of its levels.

You collected 194 gold pieces.


Innate Abilities, Weirdness & Mutations

You are immune to sickness and miasma.
Your stone body is resilient. (AC +4)
You are immune to poison.
You resist negative energy. (rN+)
You are resistant to electric shocks. (rElec)
You are resistant to unholy torment.
You are immune to petrification.


   Skills:
 + Level 4.6 Fighting
 - Level 8.0 Ranged Weapons
 - Level 1.2 Armour
 - Level 1.5 Dodging
 - Level 1.1 Stealth


You had 6 spell levels left.
You didn't know any spells.
Your spell library was empty.

Inventory:

Hand Weapons
 a - a +1 shortbow (weapon)
Armour
 f - a +0 ring mail (worn)
Jewellery
 g - a ring of protection from cold (left hand)
Potions
 b - a potion of cancellation {unknown}
 d - a potion of enlightenment
 h - 4 potions of curing
 k - a potion of resistance {unknown}

Dungeon Overview and Level Annotations

Branches:
Dungeon (5/15)             Temple (1/1) D:5

Altars:
Elyvilon
Fedhas
Gozag
Kikubaaqudgha
Makhleb
Nemelex Xobeh
Okawaru
Ru
Sif Muna
Trog
Uskayaw
Vehumet
Wu Jian
Xom
Yredelemnul
Zin
The Shining One

Annotations:
D:5 Pikel


Message History

You shoot an arrow. The arrow misses Pikel.
The arrow hits the lemure.
The lemure is lightly wounded.
Pikel hits you with a +2 whip of flaming.
Pikel burns you.
3597 ||| DRINKING potion of heal wounds.
You feel much better. Pikel closely misses you.
You shoot an arrow. The arrow closely misses Pikel.
The arrow hits the lemure!
The lemure is heavily wounded.
You shoot an arrow. The arrow hits Pikel!
Pikel is severely wounded.
Pikel hits you but does no damage.
You shoot an arrow. The arrow barely misses Pikel.
The arrow hits the lemure.
The lemure is severely wounded.
Pikel hits you with a +2 whip of flaming!
Pikel burns you.
You shoot an arrow.
The arrow hits Pikel but does no damage.
Pikel is severely wounded.
You shoot an arrow. The arrow barely misses Pikel.
The arrow hits the lemure but does no damage.
The lemure is severely wounded.
Pikel hits you with a +2 whip of flaming.
Pikel burns you.
You shoot an arrow. The arrow hits Pikel.
Pikel is almost dead.
Pikel zaps a wand.
The puff of flame hits you!
You shoot an arrow.
The arrow hits Pikel but does no damage.
Pikel is almost dead.
Pikel misses you.
You shoot an arrow.
The arrow hits Pikel but does no damage.
Pikel is almost dead.
You shoot an arrow.
The arrow hits Pikel but does no damage.
Pikel is almost dead.
Pikel hits you with a +2 whip of flaming!
You die...
Pikel says, "See you in Hell!"

.5 >.. .K. #.# 5.#
#.# ... #.# #.##.#
#..#.# #..5####
#55K@.#
######.###.# .
#........#.###....
#.........%.....#
#.....###'####..#
#.....#.....# #
#.....#.###.#
#.....'.'>#.+
#.....#.###.#


You could see Pikel and 3 lemures.

Vanquished Creatures
  A lemure (D:5)
  A kobold brigand (D:4)
  A scorpion (D:4)
  A jelly (D:5)
  An orc priest (D:3)
  3 hounds
  3 iguanas
  2 sleepcaps (D:4)
  An orc wizard (D:2)
  3 gnolls (D:5)
  6 adders
  2 ribbon worms
  3 dart slugs (D:1)
  11 orcs
  8 endoplasms
  2 giant cockroaches
  15 goblins
  9 hobgoblins
  7 jackals
  7 quokkas
  9 ball pythons
  5 bats
  4 frilled lizards
  4 kobolds (D:2)
  2 rats
111 creatures vanquished.

Notes
Turn   | Place    | Note
-------+----------+-------------------------------------------
     0 | D:1      | qw the Gargoyle Hunter began the quest for the Orb.
     0 | D:1      | Reached XP level 1. HP: 12/12 MP: 1/1
     0 | D:1      | 0 ||| qw: Version: 0.3-a-132-g3d54051
     0 | D:1      | 0 ||| qw: Game counter: 469
     0 | D:1      | 0 ||| qw: Melee chars always use a shield: true
     0 | D:1      | 0 ||| qw: God list: Okawaru
     0 | D:1      | 0 ||| qw: Allow faded altars: false
     0 | D:1      | 0 ||| qw: Do Orc after clearing Dungeon:15 true
     0 | D:1      | 0 ||| qw: Do second Lair branch before Depths: true
     0 | D:1      | 0 ||| qw: Lair rune preference: random
     0 | D:1      | 0 ||| qw: Goals: Normal
     0 | D:1      | 0 ||| PLANNING D:1-11
    68 | D:1      | Reached XP level 2. HP: 17/17 MP: 2/2
   383 | D:1      | Reached XP level 3. HP: 21/21 MP: 3/3
   396 | D:1      | Reached skill level 5 in Ranged Weapons
   840 | D:1      | 840 ||| UPGRADING to +0 ring mail.
   850 | D:1      | 850 ||| DROPPING +0 leather armour.
   851 | D:1      | 851 ||| READING scroll labelled JARIEF PEHOD.
   851 | D:1      | 851 ||| IDENTIFYING yellow potion
   852 | D:1      | 852 ||| READING scroll labelled ERO UC BYNEC.
   853 | D:1      | 853 ||| READING scroll labelled IXIZUPIGGA.
   854 | D:1      | 854 ||| DROPPING scroll of butterflies.
   855 | D:1      | 855 ||| DROPPING potion of lignification.
   882 | D:2      | Reached skill level 1 in Armour
   882 | D:2      | 882 ||| FLEEEEING.
   883 | D:2      | 883 ||| STAIRDANCE
   990 | D:2      | Reached XP level 4. HP: 26/27 MP: 4/4
   994 | D:2      | Reached skill level 3 in Fighting
  1428 | D:2      | 1428 ||| DRINKING 3 coppery potions.
  1860 | D:3      | Reached XP level 5. HP: 32/32 MP: 5/5
  1927 | D:3      | 1927 ||| FLEEEEING.
  1928 | D:3      | 1928 ||| FLEEEEING.
  1929 | D:3      | 1929 ||| FLEEEEING.
  1930 | D:3      | 1930 ||| FLEEEEING.
  1931 | D:3      | 1931 ||| FLEEEEING.
  1940 | D:3      | 1940 ||| FLEEEEING.
  1941 | D:3      | 1941 ||| FLEEEEING.
  1943 | D:3      | 1943 ||| FLEEEEING.
  1944 | D:3      | 1944 ||| FLEEEEING.
  1945 | D:3      | 1945 ||| FLEEEEING.
  1946 | D:3      | 1946 ||| FLEEEEING.
  1948 | D:3      | 1948 ||| FLEEEEING.
  1950 | D:3      | 1950 ||| FLEEEEING.
  2005 | D:3      | You fall into a shaft and drop 1 floor!
  2034 | D:4      | Reached skill level 6 in Ranged Weapons
  2148 | D:4      | Reached XP level 6. HP: 26/39 MP: 6/6
  2214 | D:4      | 2214 ||| FLEEEEING.
  2217 | D:4      | 2217 ||| STAIRDANCE
  2483 | D:3      | 2483 ||| FLEEEEING.
  2696 | D:3      | 2696 ||| DROPPING ring of magical power.
  2697 | D:3      | 2697 ||| READING 3 scrolls of identify.
  2697 | D:3      | 2697 ||| IDENTIFYING smoky pink potion
  2698 | D:3      | 2698 ||| READING 2 scrolls of identify.
  2698 | D:3      | 2698 ||| IDENTIFYING fuming white potion
  2699 | D:3      | 2699 ||| READING scroll of identify.
  2699 | D:3      | 2699 ||| IDENTIFYING purple potion
  2700 | D:3      | 2700 ||| READING scroll labelled XOUBESTUUL.
  2701 | D:3      | 2701 ||| FLEEEEING.
  2704 | D:3      | 2704 ||| READING scroll labelled QEB CUXIYSCHU.
  2704 | D:3      | 2704 ||| ENCHANTING +0 shortbow.
  2705 | D:3      | 2705 ||| DRINKING 2 dark potions.
  2706 | D:3      | 2706 ||| DROPPING potion of berserk rage.
  2707 | D:3      | 2707 ||| DROPPING potion of magic.
  2911 | D:4      | Reached skill level 7 in Ranged Weapons
  2911 | D:4      | Reached XP level 7. HP: 44/44 MP: 7/7
  3346 | D:4      | 3346 ||| UPGRADING to ring of protection from cold.
  3347 | D:4      | 3347 ||| READING 2 scrolls of identify.
  3347 | D:4      | 3347 ||| IDENTIFYING bubbling coppery potion
  3348 | D:4      | 3348 ||| READING scroll of identify.
  3348 | D:4      | 3348 ||| IDENTIFYING bubbling orange potion
  3349 | D:4      | 3349 ||| READING scroll labelled NATELE PELALIN.
  3350 | D:4      | 3350 ||| READING scroll labelled TODOZA ITEG.
  3351 | D:4      | 3351 ||| DROPPING potion of invisibility.
  3362 | D:5      | Entered Level 5 of the Dungeon
  3479 | D:5      | Reached skill level 8 in Ranged Weapons
  3496 | D:5      | Found a staircase to the Ecumenical Temple.
  3497 | D:5      | 3497 ||| PLANNING TEMPLE
  3500 | Temple   | Entered the Ecumenical Temple
  3501 | Temple   | 3501 ||| PLANNING OKAWARU WORSHIP
  3523 | Temple   | Became a worshipper of Warmaster Okawaru
  3524 | Temple   | 3524 ||| PLANNING D:1-11
  3567 | D:5      | Noticed Pikel
  3568 | D:5      | 3568 ||| RETREEEEATING.
  3572 | D:5      | 3572 ||| RETREEEEATING.
  3579 | D:5      | 3579 ||| DRINKING potion of haste.
  3596 | D:5      | HP: 10/44 [Pikel/+2 whip of flaming (4)]
  3597 | D:5      | 3597 ||| DRINKING potion of heal wounds.
  3602 | D:5      | HP: 11/44 [Pikel/+2 whip of flaming (2)]
  3603 | D:5      | HP: 3/44 [Pikel/puff of flame (8)]
  3606 | D:5      | Slain by Pikel

Levels and vault maps discovered:
D:1:      mainiacjoe_arrival_oval_in_oval, layout_basic
D:2:      layout_basic
D:3:      minmay_chambers_of_twos, layout_basic,
          minmay_fractal_squares_diagonal_5
D:4:      layout_loops_ring, grunt_ministairs_6
D:5:      layout_basic, minmay_temple_entry_glassed_door,
          gammafunk_ghost_mausoleum, uniq_eustachio, uniq_pikel, uniq_edmund
Temple:   nicolae_temple_bog_church

Skill      XL: |  1  2  3  4  5  6  7 |
---------------+----------------------+-----
Ranged Weapons | 5 6 7 8 |  8.0
Armour         | 1 |  1.2
Fighting       | 3 4 |  4.6
Dodging        | |  1.5
Stealth        | |  1.1

Action                     |  1- 3 |  4- 6 |  7- 9 || total
---------------------------+-------+-------+-------++-------
   Fire: Shortbow          |    97 |   268 |   130 ||   495
    Use: Scroll            |     3 |     5 |     4 ||    12
         Potion            |       |     2 |     2 ||     4
 Armour: Leather armour    |     8 |       |       ||     8
         Ring mail         |    12 |   142 |    68 ||   222
  Dodge: Dodged            |    23 |   173 |    50 ||   246

Table legend:
 A = Non-vault XP
 B = Vault XP
 C = Vault XP percentage of total XP
 D = Non-vault monster count
 E = Vault monster count
 F = Vault count percentage of total count
                 A         B        C        D         E       F
            +---------+---------+-------+---------+---------+-------
      Total |     891 |      30 |   3.3 |      91 |      19 |  17.3
            +---------+---------+-------+---------+---------+-------
        D:1 |      47 |       0 |   0.0 |      23 |       0 |   0.0
        D:2 |      86 |       0 |   0.0 |      20 |       0 |   0.0
        D:3 |     111 |      26 |  19.0 |      17 |      17 |  50.0
        D:4 |     479 |       4 |   0.8 |      24 |       2 |   7.7
        D:5 |     168 |       0 |   0.0 |       7 |       0 |   0.0
            +---------+---------+-------+---------+---------+-------
